 Dungeon Crawl Stone Soup version 0.27-a0-1312-g5cdb2b3542 (webtiles) character file.

Game seed: 15718572170721859118

333627 HAL9000 the Imperceptible (level 21, -17/111 HPs)
             Began as a Vine Stalker Brigand on June 19, 2021.
             Was the Champion of Dithmenos.
             Demolished by an ironbound frostheart (20 damage)
             ... on level 3 of the Vaults on June 20, 2021.
             The game lasted 02:50:54 (44794 turns).

HAL9000 the Imperceptible (Vine Stalker Brigand)   Turns: 44794, Time: 02:50:55

Health: -17/111    AC: 15    Str: 20    XL:     21   Next: 82%
Magic:  0/35       EV: 28    Int: 14    God:    Dithmenos [******]
Gold:   2433       SH:  8    Dex: 21    Spells: 2/38 levels left

rFire    . . .     SeeInvis +   e - +8 Vampire's Tooth {vamp}
rCold    . . .     Faith    .   y - +1 buckler {reflect}
rNeg     + . .     Spirit   +   d - +5 robe of Night {Dark Will+ SInv}
rPois    +         Reflect  +   p - +0 helmet of Old and Reckless {rElec rN+ rCorr}
rElec    +         Harm     .   q - +1 cloak
rCorr    +         Rampage  .   K - +0 pair of gloves of the Snake Pit {rElec Dex+8}
Will     +++..                  Q - +2 pair of boots Stlth ********++
                                v - amulet of Zinuijaegu {rPois Regen+ Dex-4 SInv Stlth+}
HPRegen  2.28/turn              X - ring of the Hare {EV+8}
MPRegen  0.24/turn              u - ring of wizardry

@: about to teleport, spiked, wreathed by umbra
A: fangs 3, regeneration 1, magic shield, antimagic bite, no potion heal 2
}: 2/15 runes: barnacled, gossamer
a: Renounce Religion, Shadow Step, Shadow Form


You were on level 3 of the Vaults.
You worshipped Dithmenos.
Dithmenos was exalted by your worship.
You visited 8 branches of the dungeon, and saw 38 of its levels.
You also visited: Ossuary.

You collected 5574 gold pieces.
You spent 3141 gold pieces at shops.

Inventory:

Hand Weapons
 c - the +10 hunting sling of Yredelemnul's Anger {speed, rElec}
   (You found it on level 9 of the Dungeon)

   Attacks with this weapon are significantly faster.
   It insulates you from electricity.
 e - the +8 Vampire's Tooth (weapon) {vamp}
   (You acquired it on level 4 of the Shoals)

   It inflicts no extra harm, but heals its wielder when it wounds a living foe.
 r - a +5 fustibalus of freezing
 D - the +8 rapier "Rasem" {drain, Dex+4}
   (You found it on level 6 of the Lair of Beasts)

   A truly terrible weapon, it drains the life of those it strikes.
   It affects your dexterity (+4).
Missiles
 a - 9 throwing nets (quivered)
 i - 13 curare-tipped darts
 t - 7 datura-tipped darts
 I - 18 atropa-tipped darts
 O - 266 sling bullets
Armour
 d - the +5 robe of Night (worn) {Dark Will+ SInv}
   (You bought it in a shop on level 2 of the Orcish Mines)

   It lets you see invisible.
   It increases your willpower.
 p - the +0 helmet of Old and Reckless (worn) {rElec rN+ rCorr}
   (You found it on level 1 of the Vaults)

   It insulates you from electricity.
   It protects you from negative energy.
   It protects you from acid and corrosion.
 q - a +1 cloak (worn)
 y - a +1 buckler of reflection (worn)
 K - the +0 pair of gloves of the Snake Pit (worn) {rElec Dex+8}
   (You found it on level 4 of the Spider Nest)

   It affects your dexterity (+8).
   It insulates you from electricity.
 Q - a +2 pair of boots (worn)
 V - +2 fire dragon scales
Jewellery
 u - a ring of wizardry (right hand)
 v - the amulet of Zinuijaegu (around neck) {rPois Regen+ Dex-4 SInv Stlth+}
   (You acquired it on level 4 of the Shoals)

   [amulet of regeneration]

   It affects your dexterity (-4).
   It protects you from poison.
   It lets you see invisible.
   It increases your rate of health regeneration.
   It makes you more stealthy.
 N - the ring of Iczior {+Blink rElec Slay+4 Stlth+}
   (You took it off a deep elf sorcerer on level 3 of the Elven Halls)

   [ring of slaying]

   It affects your accuracy and damage with ranged weapons and melee attacks
   (+4).
   It insulates you from electricity.
   It lets you blink.
   It makes you more stealthy.
 P - a +4 ring of protection
 X - the ring of the Hare (left hand) {EV+8}
   (You found it on level 1 of the Vaults)

   [ring of evasion]

   It affects your evasion (+8).
 Y - the ring "Fasasip" {rPois rN+++ Will- MP+9 Dex+3}
   (You took it off a deep elf death mage on level 3 of the Elven Halls)

   [ring of magical power]

   It affects your dexterity (+3).
   It protects you from poison.
   It renders you almost immune to negative energy.
   It affects your magic capacity (+9).
   It decreases your willpower.
Wands
 M - a wand of acid (40)
 Z - a wand of digging (18)
Scrolls
 k - 3 scrolls of magic mapping
 l - 5 scrolls of fog
 n - 9 scrolls of amnesia
 o - 16 scrolls of teleportation
 s - 3 scrolls of fear
 w - 6 scrolls of summoning
 x - 5 scrolls of vulnerability
 z - 2 scrolls of enchant weapon
 B - 2 scrolls of blinking
 W - a scroll of silence
Potions
 b - 4 potions of resistance
 f - 9 potions of attraction
 g - 8 potions of curing
 h - a potion of berserk rage
 m - 4 potions of cancellation
 A - 2 potions of brilliance
 C - 4 potions of ambrosia
 H - 12 potions of might
 J - 2 potions of haste
 L - 3 potions of invisibility
 T - 3 potions of magic
 U - a potion of flight
Miscellaneous
 j - a phial of floods
 E - a condenser vane
 F - a phantom mirror
 G - a box of beasts
 R - a tin of tremorstones (2/2)


   Skills:
 - Level 12.0 Fighting
 - Level 14.0(14.5) Short Blades
 - Level 7.1(11.5) Long Blades
 - Level 11.5 Slings
 - Level 1.7(7.6) Throwing
 + Level 3.9 Armour
 - Level 11.0 Dodging
 - Level 21.0 Stealth
 - Level 8.8 Shields
 - Level 9.2 Spellcasting
 - Level 12.1 Hexes
 - Level 11.0 Transmutations
 - Level 1.5 Ice Magic
 - Level 6.0 Air Magic
 - Level 1.9 Invocations


You had 2 spell levels left.
You knew the following spells:

 Your Spells              Type           Power      Damage    Failure   Level
a - Alistair's Intoxicat  Tmut/Pois      14%        N/A       13%         5
c - Invisibility          Hex            20%        N/A       4%          6
d - Metabolic Englaciati  Hex/Ice        12%        N/A       8%          5
e - Yara's Violent Unrav  Hex/Tmut       19%        3d9       1%          5
f - Silence               Hex/Air        15%        N/A       3%          5
g - Cause Fear            Hex            20%        N/A       1%          4
h - Swiftness             Air            23%        N/A       1%          3
i - Portal Projectile     Hex/Tloc       46%        N/A       1%          3

Your spell library contained the following spells:

 Spells                   Type           Power      Damage    Failure   Level
 Corona                   Hex            44%        N/A       1%          1
 Shock                    Conj/Air       56%        1d6       1%          1
 Sting                    Tmut/Pois      84%        1d7       1%          1
 Corpse Rot               Necr/Air       N/A        N/A       1%          2
 Ensorcelled Hibernation  Hex/Ice        50%        N/A       1%          2
 Passwall                 Tmut/Erth      17%        N/A       1%          2
 Poisonous Vapours        Pois/Air       28%        N/A       1%          2
 Slow                     Hex            40%        N/A       1%          2
 Animate Skeleton         Necr           12%        N/A       4%          1
 Apportation              Tloc           12%        N/A       4%          1
 Sandblast                Erth           12%        2d6       4%          1
 Summon Small Mammal      Summ           24%        N/A       4%          1
 Sublimation of Blood     Necr           3%         N/A       7%          2
 Confusing Touch          Hex            40%        N/A       1%          3
 Dazzling Flash           Conj/Hex       46%        N/A       1%          3
 Inner Flame              Hex/Fire       23%        N/A       1%          3
 Tukima's Dance           Hex            40%        N/A       1%          3
 Ignite Poison            Fire/Tmut/Pois 16%        N/A       3%          3
 Leda's Liquefaction      Hex/Erth       11%        N/A       4%          4
 Petrify                  Tmut/Erth      21%        N/A       4%          4
 Mephitic Cloud           Conj/Pois/Air  12%        N/A       6%          3
 Summon Mana Viper        Hex/Summ       23%        N/A       11%         5
 Conjure Flame            Conj/Fire      6%         6-21      14%         3
 Gell's Gravitas          Tloc           3%         N/A       14%         3
 Lesser Beckoning         Tloc           3%         N/A       14%         3
 Stone Arrow              Conj/Erth      12%        3d7       14%         3
 Animate Armour           Summ/Erth      12%        N/A       41%         4
 Dispel Undead            Necr           6%         3d8       41%         4
 Olgreb's Toxic Radiance  Pois           6%         N/A       41%         4
 Passage of Golubria      Tloc           N/A        N/A       41%         4
 Freezing Cloud           Conj/Ice/Air   6%         6-21      41%         5
 Agony                    Necr           6%         N/A       75%         5
 Bolt of Magma            Conj/Fire/Erth 3%         4d5       75%         5
 Borgnjor's Vile Clutch   Necr/Erth      3%         N/A       75%         5
 Excruciating Wounds      Necr           3%         N/A       75%         5
 Iskenderun's Battlesphe  Conj           6%         2d6       75%         5
 Lee's Rapid Deconstruct  Erth           3%         3d6*      75%         5
 Summon Forest            Summ/Tloc      3%         N/A       75%         5
 Discord                  Hex            20%        N/A       87%         8
 Iron Shot                Conj/Erth      3%         9d2       99%         6
 Shadow Creatures         Summ           N/A        N/A       99%         6
 Orb of Destruction       Conj           3%         9d1       100%        7
 Spellforged Servitor     Conj/Summ      3%         N/A       100%        7
 Summon Hydra             Summ           3%         N/A       100%        7


Dungeon Overview and Level Annotations

Branches:
Dungeon (15/15)            Temple (1/1) D:4            Lair (6/6) D:10
 Shoals (4/4) Lair:3       Spider (4/4) Lair:3        Slime (0/5) Lair:5
    Orc (2/2) D:9             Elf (3/3) Orc:2        Vaults (3/5) D:13
 Depths (0/5) D:15        Ossuary (visited)
  Crypt: Vaults:2-3

Altars:
Ashenzari
Cheibriados
Dithmenos
Elyvilon
Fedhas
Gozag
Hepliaklqana
Kikubaaqudgha
Makhleb
Nemelex Xobeh
Okawaru
Qazlal
Ru
Sif Muna
Trog
Uskayaw
Vehumet
Wu Jian
Xom
Yredelemnul
Zin
The Shining One
Beogh
Jiyva

Shops:
D:5 (   D:10 *   D:14 (   Orc:2 :[(*   Elf:1 ?   Elf:3 [   Shoals:1 (
Shoals:2 [   Vaults:1 ?   Vaults:2 [

Annotations:
Lair:6 3 runed translucent doors, Kaewown's ghost, journeyman GrEE
Elf:2 2 runed translucent doors


Innate Abilities, Weirdness & Mutations

You have razor-sharp teeth.
Your natural rate of healing is unusually fast.
When hurt, damage is shared between your health and your magic reserves.
Your bite disrupts and absorbs the magic of your enemies.
Potions cannot restore your health.


Message History

The ironbound frostheart calls freezing cold from the walls.
The frost grips you!!
* * * LOW HITPOINT WARNING * * *
You emit a cloud of dark smoke.
You are encased in ice.
Unknown command.
Blink to where?
Press: ? - help, Dir - move target, f - you
Okay, then.
As you read the scroll of fear, it crumbles to dust.
You assume a fearsome visage.
The ironbound frostheart looks frightened!
The peacekeeper is unaffected.
The peacekeeper bites you but does no damage.
The peacekeeper completely misses you.
Unknown command.
The barbs in your skin will harm you if you move.
Continue?
Okay, then.
The barbs in your skin will harm you if you move.
Continue? [Y]es or [N]o only, please.
The barbs in your skin will harm you if you move.
Continue?
Okay, then.
Unknown command.
Your magical effects are unravelling.
You feel magically purged. The ice encasing you melts away.
The peacekeeper misses you. The peacekeeper completely misses you.
Cornered, the ironbound frostheart turns to fight!
The peacekeeper misses you. The peacekeeper completely misses you.
Unknown command.
Okay, then.
As you read the scroll of teleportation, it crumbles to dust.
You feel strangely unstable.
An orc knight comes into view. It is wielding a +0 long sword.
You block the peacekeeper's attack.
The peacekeeper claws you but does no damage.
The ironbound frostheart touches you!
* * * LOW HITPOINT WARNING * * *
The ironbound frostheart freezes you!!
You die...

...............................#.
...............................'.
#################'##############.
.........# #.........# #.
>........# #....=....# ##
.........###.#.#?#)#.#
.........##..#######..#
.........##..#§#§#?#..#
.........##..§o8@§....#
##########.).#§#p#$#.. #...#####
# #...# ###.c ###


You could see an orc knight, an ironbound frostheart and a peacekeeper.

Vanquished Creatures
  Margery (Vaults:2)
  Nikola (Vaults:1)
  2 deep elf blademasters (Elf:3)
  A lich (Vaults:2)
  2 deep elf master archers (Elf:3)
  2 krakens (Shoals:4)
  Frances (D:13)
  2 sphinxes
  The ghost of Delamore the Impaler, an adept FoFi of Gozag (Spider:1)
  Kirke (Spider:4)
  Agnes (D:13)
  A tengu reaver (D:13)
  Ilsuiw (Shoals:2)
  Donald (Spider:1)
  An orc warlord (Orc:2)
  4 deep elf sorcerers (Elf:3)
  8 emperor scorpions
  3 ghost moths (Spider:4)
  4 vault wardens
  4 very ugly things
  2 deep elf elementalists (Elf:3)
  7 ironbound preservers
  5 deep elf demonologists (Elf:3)
  2 dire elephants (Vaults:3)
  5 deep elf annihilators
  An ettin (Orc:2)
  2 entropy weavers
  2 spark wasps
  4 deep elf death magi (Elf:3)
  4 merfolk javelineers
  7 merfolk impalers
  2 deep elf high priests (Elf:3)
  4 yaktaur captains
  5 ironbound thunderhulks
  8 boulder beetles
  An ogre mage (D:15)
  7 hydras
  2 death knights (D:12)
  12 vault guards
  4 merfolk aquamancers
  12 centaur warriors
  26 dancing weapons
  An alligator (Shoals:1)
  9 death yaks (Lair:6)
  4 alligator snapping turtles
  9 ironbound frosthearts
  3 satyrs
  3 tengu warriors
  7 two-headed ogres
  7 ironbound beastmasters
  Urug (Orc:2)
  3 orc high priests
  Nergalle (Lair:2)
  3 hell knights (Vaults:2)
  A goliath frog (Shoals:1)
  17 deep elf knights
  3 skeletal warriors (D:15)
  10 sea snakes
  A glowing orange brain (Vaults:1)
  24 deep trolls
  An obsidian statue (Vaults:1)
  8 ironbound convokers
  6 wizards
  6 deep elf archers
  13 harpies
  21 deep elf zephyrmancers
  5 orc knights
  Pikel (D:7)
  18 deep elf pyromancers
  10 lindwurms
  2 necromancers
  17 orb spiders
  2 cyclopes
  An oklob plant (Orc:1)
  33 ugly things
  5 orc sorcerers
  22 manticores
  16 fauns
  28 wolf spiders
  8 elephants (Lair:4)
  A guardian serpent (shapeshifter) (D:12)
  5 merfolk sirens
  3 moths of wrath
  6 water nymphs
  6 black mambas
  3 torpor snails
  5 vault sentinels
  6 cane toads
  26 yaktaurs
  An unseen horror (D:13)
  2 gargoyles
  2 kobold demonologists
  13 komodo dragons
  A cane toad (shapeshifter) (D:15)
  13 demonic crawlers
  3 rime drakes (Lair:6)
  2 komodo dragons (shapeshifter)
  A freezing wraith (D:15)
  3 tengu conjurers
  8 trolls
  28 merfolk
  A merfolk (shapeshifter) (D:14)
  A queen bee (shapeshifter) (D:14)
  A jumping spider (shapeshifter) (Elf:1)
  2 wind drakes
  28 jumping spiders
  17 polar bears
  7 hornets
  5 blink frogs (Lair:3)
  31 slime creatures
  14 snapping turtles
  A raiju (Lair:6)
  6 dream sheep
  A centaur simulacrum (D:15)
  84 redbacks
  20 tarantellas
  13 water elementals
  A shadow (D:11)
  5 air elementals
  The ghost of WhatIsLove the Skirmisher, an amateur HOMo (D:3)
  A spriggan (shapeshifter) (D:15)
  2 wraiths
  3 fire elementals
  6 wyverns
  2 vampires
  4 hogs (Spider:4)
  5 basilisks
  A basilisk (shapeshifter) (D:15)
  A hog (shapeshifter) (Vaults:2)
  40 yaks
  A steam dragon (D:10)
  10 vampire mosquitoes
  8 wargs
  2 acid dragons
  16 water moccasins
  16 hell hounds (Lair:6)
  2 ice beasts
  31 orc warriors
  A hornet zombie (D:7)
  15 black bears
  A necrophage (D:8)
  2 sky beasts
  15 ogres
  35 wolves
  A boggart (D:13)
  2 phantoms
  20 centaurs
  2 lemures (D:7)
  19 kobold brigands
  Blork the orc (D:6)
  12 bullfrogs
  A wyvern zombie (D:8)
  6 scorpions
  5 earth elementals
  A water moccasin zombie (D:6)
  8 killer bees
  8 wights
  A howler monkey (D:13)
  5 electric eels
  A crimson imp (D:8)
  A bullfrog zombie (D:6)
  3 centaur zombies
  A lava snake (D:14)
  2 jellies (D:6)
  14 orc priests
  3 human zombies (Ossuary)
  3 hounds
  2 bullfrog skeletons
  A gnoll shaman (D:3)
  Jessica (D:2)
  A scorpion zombie (D:5)
  4 iguanas
  25 orc wizards
  5 hell rats (D:10)
  A hound zombie (Ossuary)
  4 mummies
  14 gnolls
  4 adders
  A shadow imp (D:6)
  2 white imps (D:6)
  An ufetubus (D:3)
  3 adder zombies (Ossuary)
  A worm (Lair:3)
  3 dart slugs (D:1)
  51 orcs
  9 ball pythons
  3 endoplasms
  3 giant cockroaches
  2 gnoll zombies (Ossuary)
  15 goblins
  11 hobgoblins
  4 jackals (D:2)
  3 quokkas
  6 bats
  2 frilled lizards
  4 goblin zombies (Ossuary)
  5 hobgoblin zombies (Ossuary)
  2 jackal zombies (Ossuary)
  28 kobolds
  2 kobold zombies (Ossuary)
  2 orc zombies (Ossuary)
  3 quokka zombies (Ossuary)
  6 rats
  6 rat zombies (Ossuary)
  3 tentacles (Shoals:4)
1456 creatures vanquished.

Vanquished Creatures (others)
  A deep elf annihilator (Elf:3)
  A deep elf zephyrmancer (Elf:1)
  A slime creature (Vaults:2)
  2 humans (Spider:4)
  An orc (Orc:2)
  A kobold (D:11)
  15 fungi
  219 plants
  9 tentacles (Shoals:4)
250 creatures vanquished.

Grand Total: 1706 creatures vanquished

Notes
Turn   | Place    | Note
-------+----------+-------------------------------------------
     0 | D:1      | HAL9000 the Vine Stalker Brigand began the quest for the
                  | Orb.
     0 | D:1      | Reached XP level 1. HP: 11/11 MP: 2/2
    18 | D:1      | Found a faded altar of an unknown god.
    52 | D:1      | Reached XP level 2. HP: 15/15 MP: 3/3
   648 | D:1      | Reached skill level 5 in Stealth
   648 | D:1      | Reached XP level 3. HP: 18/18 MP: 4/4
  1227 | D:2      | Gained mutation: Your natural rate of healing is unusually
                  | fast. [Vine Stalker growth]
  1227 | D:2      | Reached XP level 4. HP: 9/23 MP: 2/5
  1258 | D:2      | Reached skill level 6 in Stealth
  1486 | D:2      | Noticed Jessica
  1498 | D:2      | Killed Jessica
  1499 | D:2      | Reached XP level 5. HP: 26/26 MP: 6/6
  1537 | D:2      | Reached skill level 7 in Stealth
  1537 | D:2      | Found Lutwawni's Armour Boutique.
  2050 | D:3      | Found a runed translucent door.
  2050 | D:3      | Noticed WhatIsLove's ghost (amateur HOMo)
  2565 | D:4      | Found a staircase to the Ecumenical Temple.
  2611 | D:3      | Reached skill level 8 in Stealth
  2659 | Temple   | Entered the Ecumenical Temple
  2735 | Temple   | Became a worshipper of Dithmenos the Shadowed
  2758 | D:4      | Noticed an ogre
  2765 | D:4      | Killed an ogre
  2766 | D:4      | Reached XP level 6. HP: 30/30 MP: 7/7
  2876 | D:4      | Reached skill level 5 in Short Blades
  2876 | D:4      | Reached XP level 7. HP: 34/34 MP: 8/8
  2939 | D:4      | Found a sacrificial altar of Ru.
  3046 | D:4      | Reached * piety under Dithmenos
  3294 | D:4      | Found a radiant altar of Vehumet.
  3320 | D:4      | Reached skill level 9 in Stealth
  3392 | D:5      | Entered Level 5 of the Dungeon
  3414 | D:5      | Reached skill level 10 in Stealth
  3414 | D:5      | Gained mutation: You have razor-sharp teeth. [Vine Stalker
                  | growth]
  3414 | D:5      | Reached XP level 8. HP: 34/38 MP: 6/9
  3627 | D:5      | Reached skill level 11 in Stealth
  3674 | D:5      | Found a hide-covered altar of Uskayaw.
  3725 | D:5      | Found a stormy altar of Qazlal.
  3780 | D:5      | Found Voushry's Weapon Boutique.
  4091 | D:6      | Reached skill level 12 in Stealth
  4105 | D:6      | Found an ornate altar of the Wu Jian Council.
  4189 | D:6      | Found a sand-covered staircase.
  4196 | Ossuary  | Entered an ossuary
  4228 | Ossuary  | Reached ** piety under Dithmenos
  4538 | D:6      | Noticed Blork the orc
  4573 | D:6      | Killed Blork the orc
  4574 | D:6      | Reached XP level 9. HP: 40/42 MP: 10/10
  4597 | D:6      | Learned a level 3 spell: Confusing Touch
  4651 | D:6      | Reached *** piety under Dithmenos
  5232 | D:7      | Reached skill level 1 in Hexes
  5602 | D:7      | Noticed Pikel
  5636 | D:7      | Killed Pikel
  5637 | D:7      | Reached XP level 10. HP: 46/46 MP: 11/11
  6143 | D:8      | Noticed a two-headed ogre
  6159 | D:8      | Killed a two-headed ogre
  6174 | D:8      | Reached **** piety under Dithmenos
  6244 | D:8      | Found a white marble altar of Elyvilon.
  6288 | D:8      | Found an opulent altar of Gozag.
  6692 | D:8      | Found a burning altar of Makhleb.
  7103 | D:9      | Found a staircase to the Orcish Mines.
  7342 | D:9      | Identified the +10 hunting sling of Yredelemnul's Anger
                  | {speed, rElec}
  7669 | D:9      | Noticed a two-headed ogre
  7676 | D:9      | Killed a two-headed ogre
  8474 | D:10     | Entered Level 10 of the Dungeon
  8479 | D:10     | Reached skill level 5 in Fighting
  8612 | D:10     | Reached XP level 11. HP: 54/56 MP: 12/12
  8755 | D:10     | Noticed a two-headed ogre
  8782 | D:10     | Killed a two-headed ogre
  8889 | D:10     | Found a staircase to the Lair.
  8964 | D:10     | Found Beutho's Assorted Antiques.
  8970 | D:10     | Bought a scroll of teleportation for 84 gold pieces
  8970 | D:10     | Bought a scroll of teleportation for 84 gold pieces
  9000 | D:10     | Reached skill level 1 in Shields
  9444 | D:10     | Learned a level 3 spell: Tukima's Dance
  9594 | D:10     | Found a bloodstained altar of Trog.
  9779 | Lair:1   | Entered Level 1 of the Lair of Beasts
  9806 | Lair:1   | Reached skill level 1 in Spellcasting
 10844 | Lair:1   | Reached ***** piety under Dithmenos
 10845 | Lair:1   | Reached skill level 10 in Short Blades
 11381 | Lair:1   | Reached XP level 12. HP: 57/60 MP: 19/19
 11778 | Lair:2   | Reached skill level 5 in Spellcasting
 11810 | Lair:2   | Noticed a boulder beetle
 11832 | Lair:2   | Killed a boulder beetle
 12033 | Lair:2   | Noticed Nergalle
 12051 | Lair:2   | Killed Nergalle
 12446 | Lair:3   | Found an ancient bone altar of Kikubaaqudgha.
 12454 | Lair:3   | Reached skill level 10 in Hexes
 12545 | Lair:2   | Learned a level 6 spell: Invisibility
 12566 | Lair:3   | Noticed a five-headed hydra
 12582 | Lair:3   | Found a staircase to the Shoals.
 12840 | Lair:3   | Noticed an eight-headed hydra
 12860 | Lair:3   | Killed an eight-headed hydra
 13117 | Lair:3   | Noticed a six-headed hydra
 13146 | Lair:3   | Killed a six-headed hydra
 13209 | Lair:3   | Identified the +2 leather armour of Honour {rPois rN+ Str+2
                  | Slay-2}
 13399 | Lair:3   | Killed a five-headed hydra
 13557 | Lair:3   | Reached skill level 1 in Dodging
 13557 | Lair:3   | Reached XP level 13. HP: 64/64 MP: 24/24
 13655 | Lair:3   | Found a hole to the Spider Nest.
 14290 | Lair:4   | Reached skill level 5 in Dodging
 14963 | Lair:5   | Reached skill level 13 in Stealth
 15030 | Lair:4   | Reached skill level 1 in Slings
 15100 | Lair:5   | Learned a level 5 spell: Metabolic Englaciation
 15106 | Lair:5   | Learned a level 5 spell: Yara's Violent Unravelling
 15495 | Lair:5   | Reached ****** piety under Dithmenos
 15531 | Lair:5   | Identified the +3 leather armour of Dim Light {*Corrode
                  | Int+4 SInv Stlth+}
 15542 | Lair:5   | Found a viscous altar of Jiyva.
 15542 | Lair:5   | Found a staircase to the Slime Pits.
 15893 | Lair:6   | Entered Level 6 of the Lair of Beasts
 16145 | Lair:5   | Reached skill level 5 in Slings
 16360 | Lair:6   | Reached XP level 14. HP: 70/70 MP: 25/25
 16992 | Lair:6   | Found a runed translucent gate.
 16993 | Lair:6   | Found a runed translucent gate.
 16994 | Lair:6   | Found a runed translucent gate.
 16994 | Lair:6   | Noticed Kaewown's ghost (journeyman GrEE)
 17290 | Lair:6   | Identified the +8 rapier "Rasem" {drain, Dex+4}
 17299 | Lair:6   | Reached skill level 1 in Transmutations
 17299 | Lair:6   | Reached skill level 1 in Ice Magic
 18355 | D:3      | Killed WhatIsLove's ghost
 19719 | D:12     | Reached XP level 15. HP: 75/75 MP: 26/26
 20245 | D:13     | Noticed a tengu reaver
 20248 | D:13     | Killed a tengu reaver
 20318 | D:13     | Found a gate to the Vaults.
 20341 | D:13     | Reached skill level 14 in Stealth
 20622 | D:13     | Reached skill level 15 in Stealth
 20695 | D:13     | Noticed Frances
 20698 | D:13     | Killed Frances
 20899 | D:13     | Identified the +5 plate armour of the Great Game {rCorr}
 21533 | D:14     | Noticed Agnes
 21746 | D:14     | Found Bonniphi's Weapon Shop.
 21971 | D:13     | Killed Agnes
 22531 | D:15     | Entered Level 15 of the Dungeon
 22699 | D:15     | Reached XP level 16. HP: 80/80 MP: 27/27
 22717 | D:15     | Reached skill level 16 in Stealth
 22778 | D:15     | Identified a scroll of acquirement
 22858 | D:15     | Found a staircase to the Depths.
 23225 | D:15     | Found the +5 sword of Power {vorpal}
 23286 | D:15     | Reached skill level 17 in Stealth
 24022 | Orc:1    | Entered Level 1 of the Orcish Mines
 24147 | Orc:1    | Found a radiant altar of Vehumet.
 24674 | Orc:2    | Entered Level 2 of the Orcish Mines
 24807 | Orc:2    | Noticed Urug
 25191 | Orc:2    | Killed Urug
 25604 | Orc:2    | Found Ellesomo's General Store.
 25612 | Orc:2    | Found Pecoumna's Antique Weapon Shoppe.
 25623 | Orc:2    | Found Cuseisch's Antique Armour Shoppe.
 25671 | Orc:2    | Acquired 1060 gold pieces
 25691 | Orc:2    | Bought a runed cloak for 225 gold pieces
 25910 | Orc:2    | Found Tithrupti's Book Shoppe.
 25964 | Orc:2    | Found a staircase to the Elven Halls.
 26387 | Orc:2    | Bought the +5 robe of Night {Dark Will+ SInv} for 1800 gold
                  | pieces
 26387 | Orc:2    | Found the +5 robe of Night {Dark Will+ SInv}
 26592 | Spider:1 | Entered Level 1 of the Spider Nest
 26592 | Spider:1 | Noticed Donald
 26594 | Spider:1 | Killed Donald
 27035 | Spider:1 | Found a large runed translucent door.
 27035 | Spider:1 | Found a large runed translucent door.
 27037 | Spider:1 | Noticed Delamore's ghost (adept FoFi)
 27186 | Spider:1 | Killed Delamore's ghost
 28032 | Spider:1 | Reached XP level 17. HP: 85/85 MP: 22/28
 28842 | Spider:2 | Reached skill level 10 in Fighting
 29498 | Spider:3 | Reached skill level 18 in Stealth
 30819 | Spider:4 | Entered Level 4 of the Spider Nest
 30887 | Spider:4 | Reached skill level 19 in Stealth
 31452 | Spider:4 | Noticed Kirke
 31518 | Spider:4 | Killed Kirke
 31732 | Spider:4 | Reached XP level 18. HP: 95/95 MP: 29/29
 31752 | Spider:4 | Reached skill level 20 in Stealth
 31924 | Spider:4 | Identified the +0 pair of gloves of the Snake Pit {rElec
                  | Dex+8}
 31943 | Spider:4 | Got a gossamer rune of Zot
 32284 | Shoals:1 | Entered Level 1 of the Shoals
 32552 | Shoals:1 | Reached skill level 21 in Stealth
 32687 | Shoals:1 | Found Nego's Weapon Shoppe.
 33140 | Shoals:2 | Found Fucuobb's Antique Armour Emporium.
 33149 | Shoals:2 | Bought a runed helmet for 240 gold pieces
 33200 | Shoals:2 | Reached skill level 10 in Dodging
 33301 | Shoals:2 | Noticed Ilsuiw
 33354 | Shoals:2 | Killed Ilsuiw
 34507 | Shoals:3 | Reached skill level 1 in Invocations
 34878 | Shoals:4 | Entered Level 4 of the Shoals
 34920 | Shoals:4 | Learned a level 5 spell: Silence
 35036 | Shoals:4 | Learned a level 4 spell: Cause Fear
 35375 | Shoals:4 | Reached XP level 19. HP: 102/102 MP: 30/30
 35658 | Shoals:4 | Acquired the amulet of Zinuijaegu {rPois Regen+ Dex-4 SInv
                  | Stlth+}
 35660 | Shoals:4 | Acquired the +8 Vampire's Tooth {vamp}
 35661 | Shoals:4 | Found the +8 Vampire's Tooth {vamp}
 35661 | Shoals:4 | Acquired a +5 fustibalus of freezing
 36119 | Shoals:4 | Got a barnacled rune of Zot
 36385 | Lair:1   | Learned a level 3 spell: Swiftness
 36516 | Elf:1    | Entered Level 1 of the Elven Halls
 36523 | Elf:1    | Reached skill level 1 in Air Magic
 36641 | Elf:1    | Found Fapruvo's Magic Scroll Shop.
 36653 | Elf:1    | Bought a scroll of teleportation for 45 gold pieces
 36810 | Elf:1    | Reached skill level 5 in Air Magic
 36812 | Elf:1    | Identified the Reference Book on Attacks
 37975 | Elf:2    | Reached skill level 1 in Long Blades
 38203 | Elf:2    | Found a large runed translucent door.
 38203 | Elf:2    | Found a large runed translucent door.
 38230 | Elf:2    | Found a large runed translucent door.
 38230 | Elf:2    | Found a large runed translucent door.
 38727 | Elf:2    | Identified the +1 scale mail of a Labyrinth {Contam rF+
                  | Int+2}
 38868 | Elf:2    | Reached skill level 5 in Long Blades
 39322 | Elf:3    | Entered Level 3 of the Elven Halls
 39454 | Elf:3    | Reached XP level 20. HP: 107/107 MP: 34/34
 39524 | Elf:3    | Found Ryl Lose's Antique Armour Boutique.
 39535 | Elf:3    | Bought a pair of runed boots for 232 gold pieces
 39535 | Elf:3    | Bought a glowing helmet for 232 gold pieces
 40100 | Elf:3    | Reached skill level 10 in Slings
 40112 | Elf:3    | Learned a level 3 spell: Portal Projectile
 40164 | Elf:3    | Noticed a Brimstone Fiend
 40268 | Elf:3    | Identified the amulet "Wud Zisk" {Acrobat Harm +Inv Str-5}
 40413 | Elf:3    | Identified the ring of Iczior {+Blink rElec Slay+4 Stlth+}
 40537 | Elf:3    | Identified the +3 chain mail of Marbles {rElec Regen+
                  | Str-3}
 40583 | Elf:3    | Identified the +9 morningstar of the Tooth {freeze, Str+3}
 40583 | Elf:3    | Identified the ring "Fasasip" {rPois rN+++ Will- MP+9
                  | Dex+3}
 41259 | Lair:1   | Learned a level 5 spell: Alistair's Intoxication
 41373 | Vaults:1 | Entered Level 1 of the Vaults
 41377 | Vaults:1 | Reached skill level 5 in Shields
 41857 | Vaults:1 | Found the ring of the Hare {EV+8}
 41911 | Vaults:1 | Identified the +0 helmet of Old and Reckless {rElec rN+
                  | rCorr}
 41946 | Vaults:1 | You fall into a shaft and drop 1 floor!
 42310 | Vaults:2 | Noticed Margery
 42329 | Vaults:2 | Killed Margery
 42330 | Vaults:2 | Reached XP level 21. HP: 100/111 MP: 35/35
 42440 | Vaults:2 | Reached skill level 5 in Transmutations
 42475 | Vaults:2 | HP: 3/111 [ironbound frostheart/frost (14)]
 42816 | Vaults:1 | Found Narph's Magic Scroll Emporium.
 42846 | Vaults:1 | Bought a scroll of fog for 38 gold pieces
 42846 | Vaults:1 | Bought a scroll of fear for 66 gold pieces
 42846 | Vaults:1 | Bought a scroll of teleportation for 57 gold pieces
 42846 | Vaults:1 | Bought a scroll of fog for 38 gold pieces
 43376 | Vaults:1 | Noticed Nikola
 43380 | Vaults:1 | Killed Nikola
 44231 | Vaults:2 | Found Qiffaohunu's Armour Shoppe.
 44235 | Vaults:2 | Reached skill level 10 in Transmutations
 44488 | Vaults:3 | Reached skill level 1 in Armour
 44791 | Vaults:3 | HP: 5/111 [ironbound frostheart/frost (15)]
 44794 | Vaults:3 | Demolished by an ironbound frostheart

Illustrated notes

Levels and vault maps discovered:
D:1:      psy_arrival_statuary, layout_loops_ring, basic_ecumenical_altar
D:2:      layout_rooms, serial_shops, shop_statue, minmay_tetromino_i2,
          uniq_jessica
D:3:      layout_loops_cross, ebering_ghost_inner_flame
D:4:      cheibrodos_thug_alley, layout_basic, kennysheep_mini,
          nicolae_ru_awakened_eye, minmay_temple_entry_drinking_statues
D:5:      layout_cave_pools, kennysheep_mini_moat, nicolae_uskayaw_dance_hall,
          serial_shops, shop_coins
D:6:      layout_rooms, lemuel_doored_altar, gup_ossuary_entry_pyramid,
          st_stairs_11, uniq_blork_the_orc
D:7:      layout_rooms, chequers_serial_rivers_micro_a, uniq_pikel
D:8:      layout_cave_pools, makhleb_grotto_becter,
          nicolae_elyvilon_temple_path,
          nicolae_gozag_cash_rules_everything_around_me, serial_park
D:9:      layout_basic, orc_0_dummy
D:10:     layout_roguey, trog_ov_bears_minmay, lair_entry_dummy, enter_bailey_7,
          serial_shops, nicolae_shop_stone
D:11:     layout_roguey [special_room_kobold], gauntlet_entry_generic
D:12:     minmay_open_boxes_in_corner, layout_basic
D:13:     kennysheep_scales, layout_loops_corners, erik_vaults_2,
          chequers_decorated_corner, uniq_frances
D:14:     layout_rooms, serial_shops, shop, nicolae_lava_and_water, uniq_agnes
D:15:     hangedman_depths_entry_civil_slaughter, layout_stronghold,
          bh_walls_and_bars
Temple:   dshaligram_water_room_temple
Lair:1:   layout_cave_pods, nicolae_quartered_pool_super,
          cheibrodos_lair_lostbears
Lair:2:   layout_hall_layers, hangedman_lair_unloving_vines, uniq_nergalle
Lair:3:   layout_cave_pods, shoals_dummy_entry,
          nicolae_spider_entry_non_spiders, basic_altar, grunt_megastairs_4
Lair:4:   layout_regular_city, st_stairs_5, infiniplex_staircase_pool,
          lemuel_fruit_fields
Lair:5:   layout_regular_city, slime_altar_1, minivault_25,
          chequers_serial_rivers_room_a, grunt_megastairs_2
Lair:6:   hangedman_lair_caniforms_friends, layout_big_grid,
          gammafunk_ghost_hydra_chop, wad_woods_river_01
Shoals:1: layout_shoals, serial_shops, nicolae_shop_waterfront,
          nicolae_shoals_lost_giant_baths, nicolae_shoals_goliath_grotto
Shoals:2: layout_shoals, serial_shops, nicolae_stop_n_shop_1, uniq_ilsuiw
Shoals:3: layout_shoals
Shoals:4: shoals_end_grunt_garden, layout_shoals,
          nicolae_shoals_kraken_intersection
Spider:1: layout_chambers, ebering_ghost_disaster_area, drop_trap,
          nicolae_spider_orb_run, uniq_donald
Spider:2: layout_spider_delve
Spider:3: layout_chambers, nicolae_spider_claw_tunnel
Spider:4: spider_rune_water, uniq_kirke
Orc:1:    layout_caves, basic_altar, mines3_lemuel
Orc:2:    grunt_orc_cross, layout_caves, basic_altar, guppyfry_library_mini
Elf:1:    eino_elf_arrival_shootout, layout_geoelf_octagon, serial_shops, shop,
          minmay_elf_annihilation
Elf:2:    layout_loops_corners
Elf:3:    elf_hall_gauntlet_narrow, layout_geoelf_grid, serial_shops,
          shop_statue
Vaults:1: v_misc_24, vaults_dpeg_hooks, vaults_room_grunt_arrival_checkpoint,
          nicolae_vaults_statue_guard, ontoclasm_vaults_claustrophobia,
          nicolae_vaults_network_periphery, nicolae_vaults_what_the_h,
          grunt_vaults_trifunnel, ontoclasm_vaults_ring_square,
          ontoclasm_vaults_pinch, grunt_vaults_hallway_long,
          hangedman_vaults_hat, nicolae_vaults_yaktaur_gun_rack,
          layout_vaults_big_cross, serial_shops, nicolae_shop_trees, uniq_nikola
Vaults:2: vaults_dpeg_spiral, vaults_room_grunt_arrival_ludios, v_pattern_4,
          v_misc_4, hangedman_vaults_locks, vaults_dpeg_encased_lava,
          dpeg_vaults_monster_box, vaults_dpeg_ring,
          ontoclasm_vaults_decontamination, vaults_mumra_chevron_long,
          vaults_room_semicircle, v_misc_19, nicolae_vaults_alarming,
          vaults_dpeg_cross, grunt_vaults_hallway_short, layout_vaults_ring,
          uniq_margery
Vaults:3: vaults_mumra_minichess, v_misc_26, v_pattern_3, vaults_dpeg_diagonal,
          grunt_vaults_hallway_short, blue_anna_dwarven_crypt,
          hangedman_vaults_unwind, ontoclasm_vaults_hangar,
          grunt_vaults_diagonal, vaults_mumra_hex, vaults_standard_mumra_x,
          nicolae_vaults_know_your_exits, layout_vaults_big_room, serial_shops,
          shop

Skill      XL: |  1  2  3  4  5  6  7  8  9 10 11 12 13 14 15 16 17 18 19 20 21 |
---------------+----------------------------------------------------------------+-----
Short Blades   | 2 3 5 6 8 10 12 14 | 14.0
Stealth        | 5 6 8 10 12 13 15 17 19 21 | 21.0
Hexes          | 6 9 12 | 12.1
Fighting       | 5 6 7 8 10 11 12 | 12.0
Shields        | 4 8 |  8.8
Spellcasting   | 4 7 9 |  9.2
Dodging        | 1 5 6 8 9 11 | 11.0
Slings         | 6 8 9 11 | 11.5
Transmutations | 1 4 11 | 11.0
Ice Magic      | 1 |  1.5
Invocations    | 1 |  1.9
Air Magic      | 6 |  6.0
Long Blades    | 7 |  7.1
Armour         | 3 |  3.9
Throwing       | |  1.7

Action                   |  1- 3 |  4- 6 |  7- 9 | 10-12 | 13-15 | 16-18 | 19-21 || total
-------------------------+-------+-------+-------+-------+-------+-------+-------++-------
Melee: Dagger            |    67 |    82 |   422 |   661 |   550 |       |       ||  1782
       Bite              |    12 |    18 |   128 |   248 |   484 |   579 |   476 ||  1945
       Rapier            |       |       |       |       |   548 |  1296 |   838 ||  2682
       Quick blade       |       |       |       |       |       |       |   230 ||   230
 Fire: Hunting sling     |       |       |       |       |    22 |   366 |       ||   388
       Fustibalus        |       |       |       |       |       |       |    77 ||    77
Throw: Dart              |     3 |    19 |    18 |    56 |     2 |     5 |       ||   103
       Throwing net      |       |       |       |     1 |       |       |       ||     1
 Cast: Confusing Touch   |       |       |       |     2 |     8 |       |       ||    10
       Invisibility      |       |       |       |     4 |    12 |    16 |    31 ||    63
       Metabolic Englaci |       |       |       |       |     1 |       |       ||     1
       Swiftness         |       |       |       |       |       |       |     2 ||     2
       Portal Projectile |       |       |       |       |       |       |     1 ||     1
Invok: Shadow Step       |       |       |       |       |     8 |    12 |       ||    20
Evoke: Phial of floods   |       |       |       |       |       |     1 |       ||     1
  Use: Scroll            |       |       |     7 |    13 |     5 |    14 |    11 ||    50
       Potion            |       |       |       |       |       |     3 |     4 ||     7
 Stab: Sleeping          |    14 |    12 |    39 |    30 |    74 |   105 |   143 ||   417
       Distracted        |       |     1 |     2 |     5 |     2 |    11 |    10 ||    31
       Confused          |       |       |       |     2 |    10 |       |       ||    12
       Invisible         |       |       |       |     8 |    29 |    35 |    56 ||   128
Armor: Robe              |    19 |     9 |    75 |   144 |       |   106 |    86 ||   439
       Leather armour    |       |       |       |     2 |   178 |   107 |       ||   287
Dodge: Dodged            |    34 |    55 |   165 |   311 |   386 |   632 |   529 ||  2112
Block: Buckler           |       |       |       |   249 |   386 |   631 |   287 ||  1553
       Reflection        |       |       |       |       |    16 |    19 |    34 ||    69

Table legend: (Time is in decaauts)
 A = Elapsed time spent in this place.
 B = Non-inter-level travel time spent in this place.
 C = Inter-level travel time spent in this place.
 D = Time resting spent in this place.
 E = Time spent auto-exploring this place.
 F = Levels seen in this place.
 G = Mean time per level.
                   A        B        C        D        E       F      G
               +--------+--------+--------+--------+--------+-----+--------+
         Total |  43003 |  38367 |   4636 |   3041 |  24422 |  39 | 1102.6 |
       Dungeon |  15812 |  13062 |   2750 |   1143 |   9083 |  15 | 1054.1 |
        Temple |     92 |     76 |     16 |      0 |     69 |   1 |   92.0 |
          Lair |   8234 |   7573 |    661 |    897 |   4708 |   6 | 1372.3 |
        Shoals |   4149 |   3916 |    233 |     69 |   2077 |   4 | 1037.2 |
   Spider Nest |   5121 |   4821 |    300 |    260 |   3135 |   4 | 1280.2 |
  Orcish Mines |   2321 |   1943 |    378 |    324 |   1044 |   2 | 1160.5 |
   Elven Halls |   3868 |   3637 |    231 |    189 |   2241 |   3 | 1289.3 |
        Vaults |   3124 |   3058 |     66 |    158 |   1941 |   3 | 1041.3 |
       Ossuary |    279 |    279 |      0 |      0 |    123 |   1 |  279.0 |
               +--------+--------+--------+--------+--------+-----+--------+

Top non-repeatable levels by time:
  Lair:6: 1975 daAuts
     D:9: 1906 daAuts
  Lair:1: 1834 daAuts
   Elf:3: 1637 daAuts
Spider:1: 1626 daAuts
  Lair:3: 1619 daAuts
    D:13: 1545 daAuts
Vaults:1: 1451 daAuts
Spider:3: 1414 daAuts
   Elf:2: 1407 daAuts
    D:10: 1397 daAuts
    D:15: 1335 daAuts
Vaults:2: 1315 daAuts
Shoals:4: 1309 daAuts
   Orc:2: 1281 daAuts
